 Dungeon Crawl Stone Soup version 0.27-a0-1177-g245c70e1c0 (webtiles) character file.

Game seed: 5718168513226249325

122 wafflestompin the Sneak (level 4, -8/21 HPs)
             Began as a Spriggan Enchanter on May 16, 2021.
             Killed by divine providence
             ... invoked by an orc priest
              (13 damage)
             ... on level 2 of the Dungeon.
             The game lasted 00:17:29 (4836 turns).

wafflestompin the Sneak (Spriggan Enchanter)        Turns: 4836, Time: 00:17:30

Health: -8/21      AC:  2    Str:  4    XL:     4   Next: 78%
Magic:  6/9        EV: 17    Int: 17    God:
Gold:   130        SH:  0    Dex: 15    Spells: 3/9 levels left

rFire    . . .     SeeInvis +   a - +1 dagger
rCold    . . .     Faith    .   (shield restricted)
rNeg     . . .     Spirit   .   b - +0 robe
rPois    .         Reflect  .   (helmet restricted)
rElec    .         Harm     .   (no cloak)
rCorr    .         Rampage  .   (gloves unavailable)
Will     .....                  (boots unavailable)
Stlth    +++.......             (no amulet)
HPRegen  0.07/turn              (no ring)
MPRegen  0.11/turn              (no ring)

@: very quick
A: very small, no large weapons, unfitting armour, see invisible, speed 3
a: no special abilities


You were on level 2 of the Dungeon.
You visited 1 branch of the dungeon, and saw 4 of its levels.

You collected 130 gold pieces.

Inventory:

Hand Weapons
 a - a +1 dagger (weapon)
 i - a +0 short sword
Missiles
 e - 59 stones
Armour
 b - a +0 robe (worn)
 c - a +0 cloak
Scrolls
 f - a scroll of teleportation {unknown}
 h - 2 scrolls of identify {unknown}
 j - a scroll of acquirement {unknown}
 k - a scroll of blinking {unknown}
 l - a scroll of enchant weapon {unknown}
Potions
 d - a potion of curing
 g - a potion of magic {unknown}


   Skills:
 + Level 1.7 Short Blades
 + Level 3.1 Dodging
 * Level 6.4 Stealth
 + Level 3.0 Spellcasting
 * Level 4.5 Hexes
 + Level 1.1 Ice Magic


You had 3 spell levels left.
You knew the following spells:

 Your Spells              Type           Power      Damage    Failure   Level
a - Corona                Hex            20%        N/A       2%          1
b - Ensorcelled Hibernat  Hex/Ice        24%        N/A       9%          2
c - Tukima's Dance        Hex            18%        N/A       9%          3

Your spell library contained the following spells:

 Spells                   Type           Power      Damage    Failure   Level
 Confusing Touch          Hex            18%        N/A       9%          3
 Dazzling Flash           Conj/Hex       20%        N/A       21%         3


Dungeon Overview and Level Annotations

Branches:
Dungeon (4/15)
 Temple: D:4-7

Altars:
Hepliaklqana


Innate Abilities, Weirdness & Mutations

You are very small and have problems with some larger weapons.
You are too small for most types of armour.
You have supernaturally acute eyesight. (SInv)
You cover ground extremely quickly. (Speed+++)


Message History

Things that are here:
a +0 chain mail; a +0 flail; an orc corpse An endoplasm is nearby!
The endoplasm quivers.
You hit the endoplasm.
The endoplasm is severely wounded.
The endoplasm barely misses you.
You hit the endoplasm.
You kill the endoplasm!
Found a stone staircase leading up.
There is a stone staircase leading up here.
There is a stone staircase leading up here.
There is a stone staircase leading up here.
Done exploring.
Done exploring.
Done exploring.
You can't go up here!
There is a stone staircase leading up here.
You climb upwards.
The orc priest misses you.
There is a stone staircase leading down here.
Aiming: Ensorcelled Hibernation (safe; 9% risk of failure)
Press: ? - help, Q - select action, (/) - cycle Shift-Dir - straight line, f - orc priest
Aim: an orc priest, wielding a +0 club (chance to affect: 43%)
The orc priest resists with some effort.
Aiming: Ensorcelled Hibernation (safe; 9% risk of failure)
Press: ? - help, Q - select action, (/) - cycle Shift-Dir - straight line, f/p - orc priest
Aim: an orc priest, wielding a +0 club (chance to affect: 43%)
The orc resists with significant effort.
The orc hits you with a +0 whip.
You hit the orc but do no damage. You barely miss the orc.
The orc hits you with a +0 whip.
The orc priest mumbles some strange prayers to Beogh against you.
Beogh smites you!
* * * LOW HITPOINT WARNING * * *
You open the door.
There is an open door here.
The orc priest mumbles some strange prayers to Beogh against you.
Beogh smites you!
Ouch! That really hurt!
You die...

#........## #..# #.######.# ##.#
#.# #.# #.# ##.# ##'## #.# ...#
##...## #<# #### ##.....## #.##
### ## ##.......## #..## #..
.####.........####...##########..
....[........o'.@................
.####........o####...##########..
## ##...>..o## #..## #...... #
##.....## #<########.##### #
##...#######.#.....##.##### #
##+## #.......###.##.##...
#.###...# #.####...#
###.###.#≈≈≈≈≈≈# ##.## #.#
#.....####...#


You could see an orc priest and an orc.

Vanquished Creatures
  An orc wizard (D:2)
  4 adders
  2 dart slugs
  2 orcs (D:3)
  7 endoplasms
  3 giant cockroaches
  6 goblins
  4 hobgoblins
  6 kobolds
  4 quokkas
  3 ball pythons
  3 bats (D:1)
  3 frilled lizards
  6 rats
54 creatures vanquished.

Vanquished Creatures (others)
  2 plants (D:1)
2 creatures vanquished.

Grand Total: 56 creatures vanquished

Notes
Turn   | Place    | Note
-------+----------+-------------------------------------------
     0 | D:1      | wafflestompin the Spriggan Enchanter began the quest for
                  | the Orb.
     0 | D:1      | Reached XP level 1. HP: 9/9 MP: 5/5
   762 | D:1      | Found a faded altar of an unknown god.
   783 | D:1      | Reached XP level 2. HP: 10/13 MP: 6/6
   786 | D:1      | Learned a level 2 spell: Ensorcelled Hibernation
  1295 | D:1      | Reached skill level 5 in Stealth
  1930 | D:2      | Found a hazy altar of Hepliaklqana.
  1963 | D:2      | Reached XP level 3. HP: 16/16 MP: 5/8
  3005 | D:2      | Reached skill level 1 in Ice Magic
  3005 | D:2      | Reached XP level 4. HP: 12/21 MP: 6/9
  3058 | D:3      | Reached skill level 6 in Stealth
  4309 | D:3      | Learned a level 3 spell: Tukima's Dance
  4836 | D:2      | Killed from afar by an orc priest

Illustrated notes

Levels and vault maps discovered:
D:1:      arrival_zaba_pyramid, layout_basic,
          shapermc_ecumenical_altar_mp_ritualfount
D:2:      layout_loops_corners, basic_altar, serial_rivers,
          chequers_serial_rivers_small_b, chequers_serial_rivers_large_a,
          chequers_serial_rivers_micro_b, chequers_serial_rivers_room_b,
          chequers_serial_rivers_micro_a, chequers_serial_rivers_micro_a
D:3:      layout_loops_ring
D:4:      layout_loops_corners

Skill      XL: |  1  2  3  4 |
---------------+-------------+-----
Dodging        | 3 |  3.1
Stealth        | 5 6 |  6.4
Hexes          | 4 |  4.5
Spellcasting   | 3 |  3.0
Ice Magic      | 1 |  1.1
Short Blades   | |  1.7

Action                   |  1- 3 |  4- 6 || total
-------------------------+-------+-------++-------
Melee: Dagger            |   104 |    36 ||   140
 Cast: Ensorcelled Hiber |    23 |    29 ||    52
  Use: Potion            |       |     2 ||     2
 Stab: Sleeping          |    20 |    15 ||    35
Armor: Robe              |     5 |     1 ||     6
Dodge: Dodged            |    75 |    14 ||    89

Table legend: (Time is in decaauts)
 A = Elapsed time spent in this place.
 B = Non-inter-level travel time spent in this place.
 C = Inter-level travel time spent in this place.
 D = Time resting spent in this place.
 E = Time spent auto-exploring this place.
 F = Levels seen in this place.
 G = Mean time per level.
                   A        B        C        D        E       F      G
               +--------+--------+--------+--------+--------+-----+--------+
         Total |   3904 |   3865 |     39 |   1309 |   1921 |   4 |  976.0 |
       Dungeon |   3904 |   3865 |     39 |   1309 |   1921 |   4 |  976.0 |
               +--------+--------+--------+--------+--------+-----+--------+

Top non-repeatable levels by time:
     D:1: 1492 daAuts
     D:3: 1434 daAuts
     D:2: 970 daAuts
     D:4: 6 daAuts
